← All builds
Tech / Armada / Economy first / OBSERVED BUILD

Standard tech

Armada Tech (Eco) build order · Supreme Isthmus

Rushes T2 factory and T2 constructor early, upgrades team mexes, and supplies the team with T2 constructors while transitioning into eco and defensive units.

Usually first T2 con to Geo (82%)

#t2 #eco #team support · 1786 distinct matches · 271 players · 59% of Armada Tech games · team won 54% of 2112 · Recently observed

HOW TO PLAY IT

Key timing: T2 factory by 4:15

  1. Open 3 mex and heavy wind to fund a fast T2 rush.
  2. Put down Bot Lab, planning to eat it for reclaim soon after.
  3. Get Advanced Bot Lab up, hitting the T2 factory rush timing.
  4. Upgrade mex to Advanced Metal Extractor to lock in team metal income.
  5. Eat Advanced Bot Lab and keep sending cons to Geo and Pond.

Phase by phase

TYPICAL OF ITS 1786 GAMES
  1. 1
  2. 2
  3. 3
  4. 4
PLAY THE OPENING

Follow the example game's first 6:00 step by step: what to build now, what comes next, and where it goes. At 1× it keeps pace with your own game.

  1. 1

    Up to the Bot Lab

    Economy
    • Metal Extractor3Mex
    • Wind Turbine4Wind
    Order
    1. Bot LabBot Lab after 3 mex, 4 winddone ~1:18, middle half 1:13–1:32

    Some games also: energy storage (32%)

    By 1:01 in all: 3 mex · 4 wind

    The example game in this phase · 4 steps
    1. Mex ×3
    2. Wind ×4
    3. Energy storage
    4. Bot LabBot Labdone 1:31 · typical 1:18
  2. 2

    Bot Lab to Advanced Bot Lab

    Economy
    • Metal Extractor1Mex
    • Wind Turbine8Wind
    • Energy Storage1Energy storage
    Order
    1. Advanced Bot LabAdvanced Bot Lab after 4 mex, 12 wind, 3 con turretdone ~4:16, middle half 4:04–4:30
    Builders
    • Construction Turret3 Con turret
    • Lazarus3 Lazarus
    • Construction Bot2 Con bot
    • Construction Bot1 Con bot for allies

    Some games also: converter (36%)

    By 3:18 in all: 4 mex · 12 wind · 1 energy storage · 3 con turret

    The example game in this phase · 16 steps
    1. LazarusLazarus ×2
    2. Construction BotCon bot
    3. Construction BotCon botfor Air
    4. LazarusLazarus
    5. Construction BotCon bot
    6. Mex
    7. LazarusLazarus
    8. Construction BotCon bot ×2
    9. Wind ×2
    10. Con turret
    11. Wind ×2
    12. Con turret
    13. Wind
    14. Bot LabEat Bot Labreclaimed for its metal
    15. Wind
    16. Advanced Bot LabAdvanced Bot Labdone 5:10 · typical 4:16
  3. 3

    Advanced Bot Lab to 5:00

    Economy
    • Wind Turbine3Wind
    Order
    1. Bot LabEat Bot Lab
    Builders
    • Advanced Construction Bot1 T2 con bot for allies

    Some games also: converter (35%)

    By 5:00 in all: 4 mex · 15 wind · 1 converter · 1 energy storage · 3 con turret

    The example game in this phase · 2 steps
    1. Wind ×2
    2. Con turret
  4. 4

    5:00 to 10:00

    Economy
    • Wind Turbine43Wind
    • Energy Converter6Converter
    Builders
    • Butler9 Butler
    • Advanced Construction Bot4 T2 con bot for allies
    • Advanced Construction Bot1 T2 con bot

    Some games also: con turret (42%) · Butler for allies (36%)

    By 10:00 in all: 4 mex · 59 wind · 8 converter · 1 energy storage · 3 con turret

    The example game in this phase · 120 steps
    1. Advanced Construction BotT2 con botfor Geo
    2. Wind
    3. Advanced Metal ExtractorT2 mexdone 6:07 · typical 5:28
    4. Con turret
    5. Wind
    6. Advanced Construction BotT2 con botfor Pond
    7. Wind ×4
    8. Converter
    9. Wind
    10. SharpshooterSniper botfor Ponddone 7:12
    11. Wind
    12. Converter
    13. Advanced Metal ExtractorT2 mex
    14. Wind ×3
    15. Converter
    16. Wind ×3
    17. Advanced Construction BotT2 con botfor Geo sea
    18. Wind
    19. Converter ×2
    20. Wind
    21. Converter ×3
    22. Wind
    23. Converter
    24. Wind
    25. Converter
    26. Con turret
    27. Wind
    28. Converter
    29. Wind
    30. Advanced Metal ExtractorT2 mex
    31. Advanced Construction BotT2 con botfor Geo
    32. Converter
    33. Wind
    34. Converter
    35. Wind ×4
    36. Con turret
    37. Converter
    38. Wind
    39. Advanced Metal ExtractorT2 mex
    40. Wind
    41. Advanced Construction BotT2 con botfor Suicide front
    42. Wind ×2
    43. Advanced Construction BotT2 con botfor Front
    44. Con turret
    45. Wind ×5
    46. Con turret
    47. Wind
    48. Advanced Construction BotT2 con bot
    49. Wind ×2
    50. Con turret
    51. Wind ×3
    52. Converter
    53. Con turret
    54. Wind
    55. Converter
    56. Wind
    57. Advanced Construction BotT2 con botfor Air
    58. Converter
    59. Wind ×4
    60. Advanced Construction BotT2 con bot
    61. Wind
    62. Converter
    63. Fusion ReactorFusiondone 11:57
    64. Wind
    65. Converter
    66. Wind
    67. Converter
    68. Wind ×2
    69. Con turret
    70. Wind
    71. Advanced Bot LabEat Advanced Bot Labreclaimed for its metal
    72. Wind ×11
    73. Con turret
    74. Wind ×3
    75. Converter
    76. Wind
    77. Converter
    78. Wind
    79. Converter
    80. Wind ×4
    81. Fusion ReactorFusion
    82. Wind ×5
    83. Converter
    84. T2 converter
    85. Wind
    86. Converter
    87. Con turret
    88. Converter
    89. Wind ×14
    90. Aircraft PlantAircraft Plantdone 13:25
    91. Converter
    92. Con turret
    93. CitadelAnti-nukedone 14:44
    94. Converter
    95. Wind
    96. Construction AircraftCon aircraft
    97. Converter
    98. Wind ×6
    99. Con turret
    100. Wind ×3
    101. Advanced Aircraft PlantAdvanced Aircraft Plantdone 14:23
    102. Wind ×2
    103. Aircraft PlantEat Aircraft Plantreclaimed for its metal
    104. Wind ×2
    105. Converter
    106. Con turret ×2
    107. Converter ×2
    108. Wind
    109. Con turret
    110. Wind ×2
    111. OracleOracle
    112. Wind ×6
    113. T2 converter
    114. Wind ×4
    115. Con turret
    116. LicheLichenot finished by 15:00
    117. Wind
    118. Converter
    119. Wind
    120. Converter

Counts are medians over the build's games: half of them build more, half fewer. The example game is JesterB's (31 OS, 15/10/2026); pick another.

Team trades

IN AT LEAST 30% OF ITS GAMES

You hand over

  • Construction Bot1 Con bot to Airfirst at 2:23 · in 83% of games
  • Advanced Construction Bot5 T2 con bot to Air or Geo sea or Pondfirst at 4:51 · in 99% of games
  • Butler2 Butler to Geo sea or Beach sea or Pondfirst at 9:06 · in 42% of games

You get

  • Hercules1 Light transport from Airfirst at 4:01 · in 86% of games

How it plays out

Typical game of this build, running totals by minute

Metal produced

020k40k
0:005:0010:0015:00

metal

Enemy metal destroyed

050100
0:005:0010:0015:00

metal

Own metal lost

050100150
0:005:0010:0015:00

metal

2112 games.

Show as table
ByMetal produced: This buildEnemy metal destroyed: This buildOwn metal lost: This build
1:0038300
2:0091500
3:00165500
4:00314900
5:00484700
6:00580500
7:00724600
8:00908400
9:001121400
10:001354100
11:001625700
12:001967800
13:002346100
14:0027368074
15:003160391130
WHAT THE NUMBERS SAY

Standard Tech play barely fights at all early, instead pouring metal into T2 infrastructure and constructors for the team.

  • + Metal produced hits 31679 by 15:00, by far the highest of any role here.
  • + T2 factory reached in 97% of games by 4:15, fastest and most reliable T2 timing.
  • − Enemy metal destroyed stays at 0 through 10:00, no early offense at all.
  • − Own metal lost also near 0, showing total avoidance of combat risk.
THE EXAMPLE YOU ARE READING

JesterB

30.7 OS · 15/10/2026

Open source match ↗

1 received units
1710 metal received · 89334 energy received

Allied construction assistance is unknown. Timings are observations, not a promise of solo reproducibility.

Typical milestones

Bot Lab1:18Middle 50%: 1:13–1:32 · n=2112
Advanced Bot Lab4:16Middle 50%: 4:04–4:30 · n=2105
Advanced Metal Extractor5:28Middle 50%: 5:05–5:58 · n=2108

Played most by

Amrissa97games of this buildTheGeneraI70games of this buildAdeus62games of this buildUncle_Cane60games of this buildCrouxy54games of this build